 Dungeon Crawl Stone Soup version 0.22.1-1-ga44c0e5 (webtiles) character file.

369 Fang the Chopper (level 6, -3/58 HPs)
             Began as a Gargoyle Berserker on Oct 3, 2018.
             Was a Priest of Trog.
             Slain by an orc priest
             ... wielding a +0 flail
              (6 damage)
             ... on level 4 of the Dungeon.
             The game lasted 00:05:40 (3907 turns).

Fang the Chopper (Gargoyle Berserker)               Turns: 3907, Time: 00:05:41

Health: -3/58      AC:  6    Str: 28    XL:     6   Next: 70%
Magic:  6/6        EV: 12    Int:  7    God:    Trog [***...]
Gold:   230        SH:  0    Dex:  9    Spells: 5/5 levels left

rFire    . . .     SeeInvis .   a - +0 hand axe
rCold    . . .     Gourm    .   (no shield)
rNeg     + . .     Faith    .   b - +0 animal skin
rPois    ∞         Spirit   .   (no helmet)
rElec    +         Reflect  .   (no cloak)
rCorr    .         Harm     .   (no gloves)
MR       .....                  (no boots)
Stlth    ..........             (no amulet)
HPRegen  0.19/turn              (no ring)
MPRegen  0.10/turn              (no ring)

@: berserking (expiring), very quick
A: negative energy resistance 1, electricity resistance, unbreathing,
petrification resistance, rot immunity, AC +4
a: Berserk, Trog's Hand, Renounce Religion


You were on level 4 of the Dungeon.
You worshipped Trog.
Trog was most pleased with you.
You were near starving.

You visited 1 branch of the dungeon, and saw 4 of its levels.

You collected 230 gold pieces.

Inventory:

Hand Weapons
 a - a +0 hand axe (weapon)
Armour
 b - a +0 animal skin (worn)
Scrolls
 d - 4 scrolls of identify {unknown}
 f - 4 scrolls of teleportation {unknown}
 j - a scroll of magic mapping {unknown}
 k - 2 scrolls of remove curse {unknown}
 l - a scroll of fog {unknown}
 n - a scroll of amnesia {unknown}
 o - a scroll of enchant weapon {unknown}
 p - a scroll of fear {unknown}
Potions
 e - 3 potions of heal wounds {unknown}
 g - 3 potions of lignification {unknown}
 h - a potion of curing {unknown}
 i - a potion of mutation {unknown}
 m - a potion of degeneration {unknown}
 q - a potion of flight {unknown}
Comestibles
 c - 7 rations


   Skills:
 + Level 4.5 Fighting
 + Level 5.0 Axes
 + Level 2.2 Armour
 + Level 2.9 Dodging
 + Level 2.0 Stealth


You had 5 spell levels left.
You didn't know any spells.
Your spell library was empty.

Dungeon Overview and Level Annotations

Branches:
Dungeon (4/15)
 Temple: D:4-7

Altars:
Kikubaaqudgha
Trog
Xom

Shops:
D:4 (}


Innate Abilities, Weirdness & Mutations

You are resistant to torment.
Your stone body is resilient. (AC +4)
You are immune to poison.
You resist negative energy. (rN+)
You are resistant to electric shocks. (rElec)
You can survive without breathing.
You are immune to petrification.
You are immune to rotting.


Message History

You slash the orc priest!
The orc priest is heavily wounded.
You slash the adder skeleton!
The orc priest calls down the wrath of Beogh upon you.
Pain shoots through your body!
* * * LOW HITPOINT WARNING * * *
The adder skeleton closely misses you.
You barely miss the orc priest.
The orc priest is heavily wounded.
You slash the adder skeleton!
You destroy the adder skeleton!
Trog accepts your kill.
Your Stealth skill increases to level 2!
The orc priest mumbles some strange prayers to Beogh against you.
Pain shoots through your body!
* * * LOW HITPOINT WARNING * * *
You barely miss the orc priest.
The orc priest is heavily wounded.
The orc priest hits you with a flail.
You die...

....#########.##
..........'....#..#
#...##....#....#..#
#...##....#....#..#
+...##....##..##..#
#...##....##..##..# #
#....#....######..# ..#
#....#....##..##).#...∩#
#...##....##....@.'....#
#...##....##...)o.##..##
#...+..[..##.(##..#
#...#.....##.(##..#
#...#......#...#..#
#...#......#...#..'
#...##...###..##..##
#...##..>###..#####
#...##...#.....#


You could see an orc priest.

Vanquished Creatures
  A sky beast (D:4)
  A hound (D:4)
  Crazy Yiuf (D:2)
  A worker ant (D:4)
  8 adders
  3 adder skeletons
  An adder zombie (D:2)
  5 worms
  2 dart slugs
  A leopard gecko (D:3)
  6 orcs (D:4)
  2 ball pythons
  9 bats
  A bat skeleton (D:2)
  2 giant cockroaches
  8 goblins
  7 hobgoblins
  6 jackals
  5 frilled lizards
  A giant cockroach zombie (D:2)
  A jackal skeleton (D:2)
  5 kobolds
  15 rats
92 creatures vanquished.

Vanquished Creatures (others)
  5 dream sheep (D:3)
5 creatures vanquished.

Grand Total: 97 creatures vanquished

Notes
Turn   | Place    | Note
-------+----------+-------------------------------------------
     0 | D:1      | Fang the Gargoyle Berserker began the quest for the Orb.
     0 | D:1      | Reached XP level 1. HP: 14/14 MP: 1/1
   249 | D:1      | Reached skill level 3 in Axes
   259 | D:1      | Reached XP level 2. HP: 17/19 MP: 2/2
   807 | D:2      | Reached XP level 3. HP: 23/23 MP: 3/3
   818 | D:2      | Found an ancient bone altar of Kikubaaqudgha.
   870 | D:2      | Reached ** piety under Trog
  1283 | D:2      | Found a runed door.
  1327 | D:2      | Reached XP level 4. HP: 21/28 MP: 4/4
  1888 | D:2      | Reached skill level 4 in Axes
  2041 | D:2      | Noticed a moth of wrath
  2044 | D:2      | Found a bloodstained altar of Trog.
  2052 | D:2      | Reached XP level 5. HP: 33/33 MP: 5/5
  2270 | D:2      | Noticed Crazy Yiuf
  2278 | D:2      | Paralysed by Crazy Yiuf for 3 turns
  2282 | D:2      | Killed Crazy Yiuf
  2452 | D:3      | Reached skill level 1 in Stealth
  2880 | D:3      | Found a shimmering altar of Xom.
  2880 | D:3      | Noticed a dream sheep
  2880 | D:3      | Noticed a dream sheep
  2880 | D:3      | Noticed a dream sheep
  2880 | D:3      | Noticed a dream sheep
  2880 | D:3      | Noticed a dream sheep
  2885 | D:3      | Killed a dream sheep
  2885 | D:3      | Killed a dream sheep
  2885 | D:3      | Killed a dream sheep
  2886 | D:3      | Killed a dream sheep
  2887 | D:3      | Killed a dream sheep
  3304 | D:4      | Found Jaufap's Antique Weapon Shop.
  3346 | D:4      | Reached *** piety under Trog
  3408 | D:4      | Reached XP level 6. HP: 27/38 MP: 6/6
  3584 | D:4      | Noticed a sky beast
  3603 | D:4      | Killed a sky beast
  3603 | D:4      | Reached skill level 5 in Axes
  3893 | D:4      | Found Dahate's Gadget Shop.
  3907 | D:4      | Slain by an orc priest

Skill      XL: |  1  2  3  4  5  6 |
---------------+-------------------+-----
Axes           | 3 4 5 |  5.0
Dodging        | 2 |  2.9
Fighting       | 4 |  4.5
Stealth        | 1 2 |  2.0
Armour         | |  2.2

Action                   |  1- 3 |  4- 6 || total
-------------------------+-------+-------++-------
Melee: Hand axe          |   130 |   224 ||   354
Invok: Berserk           |       |     6 ||     6
 Stab: Sleeping          |     3 |     3 ||     6
  Eat: Chunk             |     1 |    13 ||    14
Armor: Animal skin       |    47 |   102 ||   149
Dodge: Dodged            |   115 |   166 ||   281
